 Dungeon Crawl Stone Soup version 0.29.1-2-gbd0b4ee654 (webtiles) character file.

Game seed: 8540829874457536382

4840 GorkyZ the Trooper (level 10, -1/79 HPs)
             Began as a Demonspawn Fighter on Nov 19, 2022.
             Was an Initiate of Gozag.
             Killed from afar by an electric eel (8 damage)
             ... with a bolt of electricity
             ... on level 6 of the Dungeon.
             The game lasted 00:39:54 (8246 turns).

GorkyZ the Trooper (Demonspawn Fighter)             Turns: 8246, Time: 00:39:54

Health: -1/79      AC: 28    Str: 26    XL:     10   Next: 25%
Magic:  10/10      EV: 13    Int:  8    God:    Gozag
Gold:   1079       SH: 14    Dex: 13    Spells: 9/9 levels left

rFire   + . .      SeeInvis .   j - +6 spear (vamp)
rCold   + . .      Faith    .   c - +0 buckler
rNeg    . . .      Spirit   .   y - +1 plate armour
rPois   +          Reflect  +   (helmet restricted)
rElec   .          Harm     .   h - +0 cloak
rCorr   .          Rampage  .   g - +0 pair of gloves
Will    ++...                   o - +2 pair of boots
Stlth   ..........              q - amulet of Oluptur {Reflect rPois rC+ Will++ Int-2 SH+5}
HPRegen 0.23/turn               k - +6 ring of strength
MPRegen 0.12/turn               x - +4 ring of evasion

@: gold aura, sanguine armoured
A: horns 2, foul stench 1, sanguine armour 2, condensation shield, fire
resistance 1
a: Renounce Religion, Potion Petition, Call Merchant, Bribe Branch


You were on level 6 of the Dungeon.
You worshipped Gozag.
Gozag was most pleased with you.
You visited 1 branch of the dungeon, and saw 10 of its levels.

You collected 1525 gold pieces.
You spent 360 gold pieces at shops.
You paid 86 gold pieces to Gozag.

Inventory:

Hand Weapons
 a - a +0 flail
 j - a +6 vampiric spear (weapon)
 m - a +0 hand axe
 A - a +0 club
Missiles
 e - 34 poisoned darts (quivered)
Armour
 b - a +0 scale mail
 c - a +0 buckler (worn)
 f - a +0 helmet
 g - a +0 pair of gloves (worn)
 h - a +0 cloak (worn)
 i - a +0 pair of boots
 o - a +2 pair of boots (worn)
 y - a +1 plate armour (worn)
Jewellery
 k - a +6 ring of strength (left hand)
 n - a ring of ice
 q - the amulet of Oluptur (around neck) {Reflect rPois rC+ Will++ Int-2 SH+5}
   (You found it on level 2 of the Dungeon)

   [amulet of reflection]

   It reflects blocked missile attacks.
   Int:       It affects your intelligence (-2).
   rC:        It protects you from cold.
   rPois:     It protects you from poison.
   SH:        It affects your SH (+5).
   Will:      It greatly increases your willpower.
 w - a ring of poison resistance
 x - a +4 ring of evasion (right hand)
 K - a +4 ring of slaying
Wands
 p - a wand of light (6)
 t - a wand of polymorph (12)
 u - a wand of roots (6)
 z - a wand of flame (38)
Scrolls
 r - 2 scrolls of brand weapon
 v - 5 scrolls of teleportation
 C - a scroll of fear {unknown}
 D - a scroll of silence
 E - 4 scrolls of enchant armour
 G - a scroll of identify
 H - 3 scrolls of amnesia
Potions
 d - 4 potions of might
 l - 2 potions of magic {unknown}
 s - a potion of brilliance {unknown}
 B - 4 potions of curing
 F - a potion of resistance
 I - a potion of invisibility {unknown}
 L - a potion of lignification {unknown}


   Skills:
 + Level 7.3 Fighting
 - Level 3.3 Maces & Flails
 + Level 5.9 Polearms
 + Level 6.7 Armour
 + Level 5.6 Dodging
 + Level 6.7 Shields


You had 9 spell levels left.
You didn't know any spells.
Your spell library contained the following spells:

 Spells                   Type           Power      Damage    Failure   Level
 Fulminant Prism          Conj/Hex       0%         3d6       100%        4
 Iskenderun's Mystic Bla  Conj/Tloc      0%         2d3       100%        4
 Lee's Rapid Deconstruct  Erth           0%         3d5*      100%        5


Dungeon Overview and Level Annotations

Branches:
Dungeon (10/15)            Temple (0/1) D:4            Lair (0/5) D:10
    Orc (0/2) D:9

Altars:
Ashenzari
Gozag
Kikubaaqudgha
Sif Muna
Uskayaw
Xom
Yredelemnul

Shops:
D:3 =

Annotations:
D:6 1 transporter


Innate Abilities, Weirdness & Mutations

You have a pair of horns on your head.
You may rarely emit foul miasma when damaged in melee.
When seriously injured, your blood forms thick armour. (AC +9)
A meltable shield of frost defends you. (SH +4)
Your flesh is heat resistant. (rF+)


Message History

You reach to attack!
You puncture the electric eel!
The electric eel is heavily wounded.
Reach: j) +6 spear (vamp)
Press: ? - help, Dir - move target, f/p - electric eel
Aim: an electric eel (heavily wounded, about 43% to evade your +6 vampiric spear)
You reach to attack!
You miss the electric eel.
The electric eel is heavily wounded.
Reach: j) +6 spear (vamp)
Press: ? - help, Dir - move target, f/p - electric eel
Aim: an electric eel (heavily wounded, about 43% to evade your +6 vampiric spear)
You reach to attack!
You puncture the electric eel!
The electric eel is almost dead.
The electric eel shoots out a bolt of lightning at you!
The bolt of electricity hits you!
* * * LOW HITPOINT WARNING * * *
The bolt of electricity hits the electric eel.
The electric eel completely resists.
The bolt of electricity hits the electric eel.
The electric eel completely resists.
Reach: j) +6 spear (vamp)
Press: ? - help, Dir - move target, f/p - electric eel
Aim: an electric eel (almost dead, about 43% to evade your +6 vampiric spear)
You reach to attack!
You hit the electric eel.
You feel better.
You kill the electric eel!
You hear a splash.
Reach: j) +6 spear (vamp)
Press: ? - help, Dir - move target, f - electric eel
Aim: an electric eel (about 43% to evade your +6 vampiric spear)
You reach to attack!
You puncture the electric eel!
You feel better.
The electric eel is almost dead.
Reach: j) +6 spear (vamp)
Press: ? - help, Dir - move target, f/p - electric eel
Aim: an electric eel (almost dead, about 43% to evade your +6 vampiric spear)
You reach to attack!
You closely miss the electric eel.
The electric eel is almost dead.
The electric eel is distracted by your dazzling golden aura.
The electric eel shoots out a bolt of lightning at you!
The bolt of electricity hits you!
You die...
Your body crumbles into a pile of gold.

#..'....#P.|.P#............# #
#.##....###+###............# #.
#.##....#~...~#.......##..##
#.###.##....#~...~#...........#
##.....###.#.#~...~#........##'##
...........#.#~.⌠.~#..###..<.....
.....#.###.#.#~...~#..###........
......>###.#.#~...S#....+........
.....#..##.#.#$.@.S#.####....^...
####....##.#.###'###.# #........
#..#.....#.#~...~#.# ####'####
#.###.####.#8.©.8#.# ##.#
###.......##.#######.######..#
................©............####
.......###........#...####)......
.......###...........## #.......
...............#####..# #.......


You could see 2 electric eels.

Vanquished Creatures
  A two-headed ogre (D:9)
  Pikel (D:6)
  A troll (D:9)
  Prince Ribbit (D:7)
  2 steam dragons
  A water moccasin (D:8)
  2 orc warriors (D:9)
  2 sky beasts
  2 ice beasts
  3 black bears
  2 centaurs (D:9)
  A lemure (D:6)
  A phantom (D:5)
  3 kobold brigands
  3 necrophages
  4 bullfrogs
  2 scorpions
  An electric eel (D:6)
  2 howler monkeys
  3 hounds
  Crazy Yiuf (D:3)
  2 jellies
  7 orc priests
  A gnoll bouda (D:9)
  Ijyb (D:4)
  Natasha (thrice) (D:3)
  4 iguanas
  5 orc wizards
  10 gnolls
  4 adders
  A shadow imp (D:8)
  2 white imps (D:6)
  An ufetubus (D:7)
  2 worms
  A dart slug (D:2)
  52 orcs
  6 ball pythons
  8 bats
  2 bat zombies (D:8)
  7 endoplasms
  4 giant cockroaches
  11 goblins
  7 hobgoblins
  4 jackals (D:2)
  18 kobolds
  6 quokkas
  A frilled lizard (D:2)
  A kobold zombie (D:5)
  5 rats
  A rat zombie (D:8)
216 creatures vanquished.

Vanquished Creatures (others)
  A human (D:5)
  A scorpion (D:5)
  An orc (D:6)
  3 jackals (D:5)
  3 fungi (D:2)
  14 plants
23 creatures vanquished.

Grand Total: 239 creatures vanquished

Notes
Turn   | Place    | Note
-------+----------+-------------------------------------------
     0 | D:1      | GorkyZ the Demonspawn Fighter began the quest for the Orb.
     0 | D:1      | Reached XP level 1. HP: 18/18 MP: 1/1
   284 | D:1      | Gained mutation: You have a pair of small horns on your
                  | head. [demonic ancestry]
   284 | D:1      | Reached XP level 2. HP: 24/24 MP: 2/2
  1472 | D:2      | Gained mutation: A meltable shield of frost defends you.
                  | (SH +4) [demonic ancestry]
  1472 | D:2      | Reached XP level 3. HP: 29/29 MP: 3/3
  1701 | D:2      | Found an ancient bone altar of Kikubaaqudgha.
  1740 | D:2      | Identified the amulet of Oluptur {Reflect rPois rC+ Will++
                  | Int-2 SH+5}
  1939 | D:2      | Found a faded altar of an unknown god.
  2059 | D:2      | Reached XP level 4. HP: 35/35 MP: 4/4
  2060 | D:2      | Reached skill level 1 in Polearms
  2242 | D:3      | Found a runed translucent door.
  2243 | D:3      | Noticed Crazy Yiuf
  2251 | D:3      | Killed Crazy Yiuf
  2397 | D:3      | Reached XP level 5. HP: 21/42 MP: 5/5
  2622 | D:3      | Noticed Natasha
  2628 | D:3      | Killed Natasha
  2662 | D:3      | Found Gittist's Jewellery Boutique.
  2768 | D:3      | Noticed Natasha
  2777 | D:3      | Killed Natasha
  3086 | D:4      | Reached skill level 4 in Fighting
  3091 | D:4      | Gained mutation: When seriously injured, your blood forms
                  | armour. (AC +9) [demonic ancestry]
  3091 | D:4      | Reached XP level 6. HP: 24/48 MP: 6/6
  3250 | D:4      | Found a broken altar of Ashenzari.
  3252 | D:4      | Found a shimmering altar of Xom.
  3349 | D:4      | Reached skill level 1 in Dodging
  3444 | D:4      | Found an opulent altar of Gozag.
  3469 | D:4      | Became a worshipper of Gozag Ym Sagoz the Greedy
  3586 | D:4      | Noticed Ijyb
  3616 | D:4      | Killed Ijyb
  3636 | D:4      | Found a staircase to the Ecumenical Temple.
  3750 | D:4      | Gained mutation: You may rarely emit foul miasma when
                  | damaged in melee. [demonic ancestry]
  3750 | D:4      | Reached XP level 7. HP: 55/55 MP: 7/7
  4088 | D:5      | Entered Level 5 of the Dungeon
  4331 | D:5      | Found a runed translucent door.
  4331 | D:5      | Noticed a human
  4336 | D:5      | Found a basalt altar of Yredelemnul.
  4534 | D:5      | Killed a human
  4694 | D:5      | Gained mutation: Your flesh is heat resistant. (rF+)
                  | [potion of mutation]
  4830 | D:3      | Noticed Natasha
  4849 | D:3      | Killed Natasha
  4854 | D:3      | Bought a +6 ring of strength for 360 gold pieces
  4912 | D:6      | Reached skill level 5 in Fighting
  4912 | D:6      | Reached XP level 8. HP: 62/62 MP: 8/8
  4913 | D:6      | Found a transporter.
  4924 | D:6      | Found a transporter.
  5119 | D:6      | Noticed Pikel
  5150 | D:6      | Killed Pikel
  5151 | D:6      | Reached skill level 5 in Armour
  5151 | D:6      | Reached skill level 5 in Shields
  5504 | D:6      | Gained mutation: You have a pair of horns on your head.
                  | [demonic ancestry]
  5504 | D:6      | Reached XP level 9. HP: 52/69 MP: 9/9
  5603 | D:6      | Noticed a +0 short sword
  5603 | D:6      | Noticed a +0 dagger
  5605 | D:6      | Noticed a +0 dagger
  5608 | D:6      | Noticed a +0 spear
  5608 | D:6      | Noticed a +0 short sword
  5609 | D:6      | Noticed a +0 falchion
  5609 | D:6      | Noticed a +0 falchion
  5610 | D:6      | Noticed a +0 spear
  5618 | D:6      | Found a hide-covered altar of Uskayaw.
  5619 | D:6      | You fall into a shaft and drop 2 floors!
  5746 | D:8      | Reached skill level 6 in Fighting
  6029 | D:8      | Found a shimmering blue altar of Sif Muna.
  6314 | D:8      | Found an ancient bone altar of Kikubaaqudgha.
  6595 | D:7      | Reached skill level 5 in Polearms
  7179 | D:7      | Noticed Prince Ribbit
  7186 | D:7      | Killed Prince Ribbit
  7187 | D:7      | Reached skill level 5 in Dodging
  7586 | D:9      | Noticed a troll
  7594 | D:9      | Killed a troll
  7595 | D:9      | Reached skill level 7 in Fighting
  7640 | D:9      | Gained mutation: When seriously injured, your blood forms
                  | thick armour. (AC +9) [demonic ancestry]
  7640 | D:9      | Reached XP level 10. HP: 70/79 MP: 10/10
  7659 | D:9      | Noticed a two-headed ogre
  7671 | D:9      | Killed a two-headed ogre
  7829 | D:9      | Found a staircase to the Orcish Mines.
  8027 | D:10     | Entered Level 10 of the Dungeon
  8045 | D:10     | Found a staircase to the Lair.
  8243 | D:6      | HP: 2/79 [electric eel/bolt of electricity (11)]
  8246 | D:6      | Killed from afar by an electric eel

Illustrated notes

Levels and vault maps discovered:
D:1:      lightli_arrival_boilingwater, layout_basic, serial_forest,
          infiniplex_forest_zigzag_1, infiniplex_forest_lined_2,
          infiniplex_forest_clump_long, infiniplex_forest_clump_long,
          infiniplex_forest_lined_3_way, infiniplex_forest_straight_2,
          chequers_serial_rivers_large_a, ebering_dispersal_statue_hall,
          minmay_split_cup_large
D:2:      layout_loops_ring, basic_altar,
          shapermc_ecumenical_altar_mp_urbaneastern
D:3:      layout_rooms, serial_shops, nicolae_shop_hallway_stairs,
          uniq_crazy_yiuf_cottage, uniq_natasha
D:4:      kennysheep_the_goblin_king, layout_cave_pools, general_overflow_altar,
          nicolae_gozag_seed_capital, nicolae_overflow_hidden_temple,
          minmay_temple_entry_junction_2, minmay_fractal_squares_diagonal_5
D:5:      layout_cave_pools, dk_yredelemnul_ordeal
D:6:      gammafunk_steamed_eel, layout_basic, nicolae_uskayaw_en_pointe,
          uniq_pikel
D:7:      layout_loops_ring, uniq_prince_ribbit1
D:8:      layout_basic, tgw_sif, lemuel_zombie_altar_kikubaaqudgha,
          chequers_avenue, hangedman_decor_lopped
D:9:      layout_roguey [special_room_orc], orc_0_dummy
D:10:     layout_stronghold, nicolae_overflow_crystal_walls, lair_entry_dummy,
          serial_shops, shop

Skill      XL: |  1  2  3  4  5  6  7  8  9 |
---------------+----------------------------+-----
Maces & Flails | 2 3 |  3.3
Armour         | 3 4 5 6 |  6.7
Shields        | 3 4 5 6 |  6.7
Polearms       | 1 2 3 4 5 |  5.9
Fighting       | 4 5 7 |  7.3
Dodging        | 1 2 3 5 |  5.6

Action                   |  1- 3 |  4- 6 |  7- 9 | 10-12 || total
-------------------------+-------+-------+-------+-------++-------
Melee: Flail             |    23 |       |       |       ||    23
       Spear             |    86 |   211 |   421 |    83 ||   801
       Headbutt          |    30 |    30 |    65 |    11 ||   136
       Hand axe          |    42 |       |       |       ||    42
Throw: Dart              |     1 |       |       |       ||     1
  Use: Scroll            |       |     7 |     9 |       ||    16
       Potion            |       |     2 |     1 |     1 ||     4
 Stab: Distracted        |       |       |     2 |     1 ||     3
Armor: Scale mail        |    39 |    27 |       |       ||    66
       Plate armour      |       |    38 |    98 |     8 ||   144
Dodge: Dodged            |    31 |    45 |    95 |    11 ||   182
Block: Buckler           |    20 |   117 |   207 |    16 ||   360
       Reflection        |       |     5 |    13 |       ||    18
